 Dungeon Crawl Stone Soup version 0.31.0-1-g2c135a0 (webtiles) character file.

Game seed: 9505641649385752145

1295 Tubbtubb the Slasher (level 8, -6/57 (70) HPs)
             Began as a Yellow Draconian Cinder Acolyte on Mar 29, 2024.
             Was a Priest of Ignis.
             Killed by divine providence
             ... invoked by Jeremiah
              (11 damage)
             ... on level 6 of the Dungeon.
             The game lasted 00:20:44 (6180 turns).

Tubbtubb the Slasher (DrCA)                         Turns: 6180, Time: 00:20:44

HP:   -6/57 (70)    AC: 10    Str: 16    XL:     8   Next: 30%
MP:   9/9           EV: 12    Int: 15    God:    Ignis [***...]
Gold: 302           SH:  0    Dex:  9    Spells: 7/9 levels left

rFire   + + .        k - +0 long sword (flame)
rCold   + . .        (no shield)
rNeg    + . .        (body armour unavailable)
rPois   +            (helmet restricted)
rElec   +            i - +1 cloak
rCorr   +            l - +0 pair of gloves
SInv    +            u - +0 pair of boots "Zoquawke" {rN+ SInv}
Will    .....        (no amulet)
Stlth   +            (no ring)
HPRegen 0.29/turn    (no ring)
MPRegen 0.11/turn

%: clarity
@: resistant, heavily drained
A: spit acid, AC +6, unfitting armour, cold-blooded, acid resistance, clarity
a: Breathe Acid, Renounce Religion, Fiery Armour, Foxfire Swarm, Rising Flame


You were on level 6 of the Dungeon.
You worshipped Ignis.
Ignis was most pleased with you.
You visited 1 branch of the dungeon, and saw 6 of its levels.

You collected 392 gold pieces.
You spent 90 gold pieces at shops.

Inventory:

Hand Weapons
 a - a +0 falchion of flaming
 d - a +4 vampiric scythe
 h - a +2 quarterstaff of chaos
 k - a +0 long sword of flaming (weapon)
Armour
 i - a +1 cloak (worn)
 l - a +0 pair of gloves (worn)
 m - a +0 pair of boots
 u - the +0 pair of boots "Zoquawke" (worn) {rN+ SInv}
   (You found it on level 5 of the Dungeon)

   rN+:       It protects you from negative energy.
   SInv:      It lets you see invisible.
Jewellery
 f - a ring of resist corrosion
Wands
 b - a wand of flame (23)
Scrolls
 e - a scroll of poison
 j - 4 scrolls of identify
 t - a scroll of amnesia
Potions
 g - a potion of attraction
 p - 4 potions of curing
 q - a potion of mutation
 w - 2 potions of degeneration {unknown}


   Skills:
 + Level 5.7 Fighting
 * Level 7.1 Long Blades
 + Level 3.6 Dodging
 - Level 1.0 Spellcasting
 + Level 5.6 Fire Magic


You had 7 spell levels left.
You knew the following spells:

 Your Spells              Type           Power      Damage    Failure   Level
a - Scorch                Fire           34%        2d6       3%          2

Your spell library contained the following spells:

 Spells                   Type           Power      Damage    Failure   Level
 Gell's Gravitas          Tloc           0%         N/A       58%         3
 Hailstorm                Conj/Ice       0%         3d5       58%         3
 Summon Ice Beast         Ice/Summ       0%         N/A       58%         3
 Teleport Other           Tloc           0%         N/A       58%         3
 Dispersal                Tloc           0%         N/A       100%        6
 Sculpt Simulacrum        Ice/Alch       0%         N/A       100%        6


Dungeon Overview and Level Annotations

Branches:
Dungeon (6/15)             Temple (0/1) D:6

Altars:
Cheibriados
Gozag
Wu Jian
Xom

Shops:
D:3 [   D:5 (

Annotations:
D:4 3 runed translucent doors, bob002's ghost, novice DsWn; cheolkong's ghost, novice KoBr; xade's ghost, amateur DjCj
D:6 Jeremiah


Innate Abilities, Weirdness & Mutations

You can spit globs of acid.
Your golden yellow scales are hard. (AC +6)
You cannot fit into any form of body armour.
You are cold-blooded and may be slowed by cold attacks.
You are resistant to acid. (rCorr)
You possess an exceptional clarity of mind.


Message History

You closely miss the butterfly. You slash the butterfly!
You burn the butterfly.
You kill the butterfly!
The butterfly disappears in a burst of colours!
You slash the butterfly! You burn the butterfly.
You kill the butterfly!
The butterfly disappears in a burst of colours! x2
You closely miss the butterfly.
Your tail-slap misses the butterfly.
The butterfly disappears in a burst of colours!
Jeremiah lets out a twisted cry.
Something smites you!
* * * LOW HITPOINT WARNING * * *
You miss the butterfly.
Your tail-slap misses the butterfly.
The butterfly disappears in a burst of colours!
You hit the butterfly. You burn the butterfly.
You kill the butterfly!
The butterfly disappears in a burst of colours!
You miss the butterfly.
Your tail-slap misses the butterfly.
You closely miss the butterfly. You barely miss the butterfly.
The butterfly disappears in a burst of colours! x4
Jeremiah throws their arms up pleadingly.
Something smites you!
* * * LOW HITPOINT WARNING * * *
You miss the butterfly. You slash the butterfly! You burn the butterfly.
You kill the butterfly!
The butterfly disappears in a burst of colours!
Jeremiah hops!
You hit the butterfly. You burn the butterfly.
You kill the butterfly!
The butterfly disappears in a burst of colours!
You closely miss the butterfly.
Your tail-slap misses the butterfly.
You hit the butterfly but do no damage.
Your tail-slap misses the butterfly.
The butterfly disappears in a burst of colours!
You closely miss the butterfly.
Jeremiah cries, "Fearful master, protect me!"
Something smites you!
You die...
Jeremiah asks, "What happened?
Did... did you die?"

#.################
#.b.....b.bFb.....
#.################
#.# #.# #b# #b#
#b# #@# #b# #b#
#F# #b# #b# #b#
#.## #.##.


You could see Jeremiah.

Vanquished Creatures
  Sigmund (D:6)
  An ice beast (D:5)
  An ogre (D:4)
  A black bear (D:5)
  2 phantoms
  A bullfrog (D:6)
  3 scorpions
  A bombardier beetle (D:4)
  Crazy Yiuf (D:2)
  3 hounds
  4 iguanas
  Terence (D:2)
  6 adders
  7 gnolls
  A white imp (D:6)
  A dart slug (D:5)
  5 ribbon worms
  2 orcs
  7 ball pythons
  6 bats
  5 endoplasms
  2 giant cockroaches
  6 goblins
  5 hobgoblins
  6 jackals
  8 quokkas
  7 frilled lizards
  2 kobolds
  5 rats
101 creatures vanquished.

Notes
Turn   | Place    | Note
-------+----------+-------------------------------------------
     0 | D:1      | Tubbtubb the Draconian Cinder Acolyte began the quest for
                  | the Orb.
     0 | D:1      | Reached XP level 1. HP: 19/19 MP: 2/2
   149 | D:1      | Reached XP level 2. HP: 26/26 MP: 3/3
   675 | D:1      | Reached XP level 3. HP: 31/31 MP: 4/4
  1275 | D:2      | Found an opulent altar of Gozag.
  1341 | D:2      | Noticed Terence
  1359 | D:2      | Killed Terence
  1360 | D:2      | Reached skill level 4 in Long Blades
  1360 | D:2      | Reached XP level 4. HP: 20/39 MP: 5/5
  1510 | D:2      | Found a runed translucent door.
  1511 | D:2      | Noticed Crazy Yiuf
  1636 | D:2      | Reached skill level 1 in Dodging
  1718 | D:2      | Killed Crazy Yiuf
  2001 | D:3      | Found a snail-covered altar of Cheibriados.
  2170 | D:3      | Reached XP level 5. HP: 43/46 MP: 6/6
  2181 | D:3      | Found Kopno's Antique Armour Shoppe.
  2189 | D:3      | Bought a pair of boots for 90 gold pieces
  2232 | D:3      | Learned a level 2 spell: Scorch
  2781 | D:4      | Found a shimmering altar of Xom.
  2887 | D:4      | Found a runed translucent gate.
  2887 | D:4      | Found a runed translucent gate.
  2887 | D:4      | Found a runed translucent gate.
  2889 | D:4      | Noticed bob002's ghost (novice DsWn)
  2889 | D:4      | Noticed xade's ghost (amateur DjCj)
  2889 | D:4      | Noticed cheolkong's ghost (novice KoBr)
  3015 | D:4      | Noticed an ogre
  3039 | D:4      | Killed an ogre
  3040 | D:4      | Reached skill level 5 in Long Blades
  3040 | D:4      | Reached XP level 6. HP: 52/52 MP: 0/7
  3415 | D:4      | Your scales start taking on a golden yellow colour.
  3415 | D:4      | Reached XP level 7. HP: 54/60 MP: 2/8
  3415 | D:4      | Gained mutation: You are resistant to acid. (rCorr) [Yellow
                  | Draconian growth]
  3960 | D:5      | Entered Level 5 of the Dungeon
  4161 | D:5      | Found an ornate altar of the Wu Jian Council.
  4344 | D:5      | Reached skill level 5 in Fighting
  4344 | D:5      | Reached skill level 6 in Long Blades
  4344 | D:5      | Reached skill level 5 in Fire Magic
  4514 | D:5      | Identified the +0 pair of boots "Zoquawke" {rN+ SInv}
  4862 | D:5      | Found Bueceomol's Weapon Shop.
  5020 | D:6      | Noticed Jeremiah
  5410 | D:6      | Found a staircase to the Ecumenical Temple.
  5541 | D:6      | Reached XP level 8. HP: 21/69 MP: 4/9
  5857 | D:6      | Noticed Sigmund
  5862 | D:6      | Killed Sigmund
  5863 | D:6      | Reached skill level 7 in Long Blades
  6124 | D:6      | Gained mutation: You possess an exceptional clarity of
                  | mind. [potion of mutation]
  6180 | D:6      | Killed from afar by Jeremiah

Illustrated notes

Levels and vault maps discovered:
D:1:      nicolae_arrival_washed_ashore, layout_loops_ring,
          chequers_serial_rivers_large_b
D:2:      layout_loops_ring, basic_altar, uniq_crazy_yiuf_cottage, uniq_terence
D:3:      layout_loops_ring, slow_altar_1, serial_shops,
          nicolae_shop_gibbet_a_chance
D:4:      layout_basic, xom_teletrap_fun, gammafunk_ghost_cemetery,
          grunt_ministairs_12
D:5:      layout_loops_corners, overflow_temple_1_default, serial_shops, shop
D:6:      layout_basic, minmay_temple_entry_tees, serial_glass, glass_columns_a,
          glass_columns_a, uniq_jeremiah, uniq_sigmund

Skill      XL: |  1  2  3  4  5  6  7  8 |
---------------+-------------------------+-----
Long Blades    | 4 5 6 7 |  7.1
Dodging        | 1 2 3 |  3.6
Fire Magic     | 4 5 |  5.6
Fighting       | 4 5 |  5.7
Spellcasting   | |  1.0

Action                     |  1- 3 |  4- 6 |  7- 9 || total
---------------------------+-------+-------+-------++-------
  Melee: Falchion          |   179 |   113 |       ||   292
         Tailslap          |    22 |    13 |     4 ||    39
         Long sword        |       |       |    61 ||    61
   Cast: Scorch            |       |    29 |    48 ||    77
 Invoke: Fiery Armour      |     3 |     3 |       ||     6
Ability: Breathe Acid      |       |       |    14 ||    14
    Use: Scroll            |     1 |     7 |     3 ||    11
         Potion            |       |     1 |     8 ||     9
 Armour: Skin              |   116 |    70 |    54 ||   240
  Dodge: Dodged            |   117 |    74 |    44 ||   235
